 Dungeon Crawl Stone Soup version 0.18-a0-1211-g828307d (webtiles) character file.

121 Lathuz the Conjurer (level 4, -4/24 HPs)
             Began as a Deep Elf Conjurer on Feb 2, 2016.
             Killed by divine providence
             ... invoked by an orc priest
              (8 damage)
             ... on level 3 of the Dungeon.
             The game lasted 00:11:23 (2792 turns).

Lathuz the Conjurer (Deep Elf Conjurer)             Turns: 2792, Time: 00:11:23

Health: -4/24      AC:  2    Str:  5    XL:     4   Next: 77%
Magic:  3/12       EV: 13    Int: 21    God:
Gold:   166        SH:  0    Dex: 15    Spells: 3 memorised, 3 levels left

rFire  . . .     SeeInvis .     f - +0 dagger
rCold  . . .     Gourm    .     a - +0 robe
rNeg   . . .     Faith    .     (no shield)
rPois  .         Spirit   .     (no helmet)
rElec  .         Dismiss  +     (no cloak)
rCorr  .         Reflect  .     (no gloves)
SustAt .         Harm     .     (no boots)
MR     .....                    i - amulet of dismissal (curse)
Stlth  ++........               (no ring)
                                (no ring)

@: not resistant to hostile enchantments, unstealthy
A: no striking features
a: no special abilities


You were on level 3 of the Dungeon.
You were not hungry.

You visited 1 branch of the dungeon, and saw 3 of its levels.

You collected 166 gold pieces.

Inventory:

Hand Weapons
 f - a +0 dagger (weapon)
Missiles
 g - 65 stones (quivered)
Armour
 a - a +0 robe (worn)
Jewellery
 i - a cursed amulet of dismissal (around neck)
 l - an uncursed ring of sustain attributes {unknown}
Scrolls
 e - a scroll of random uselessness {unknown}
 j - a scroll of magic mapping {unknown}
 m - 2 scrolls of enchant weapon {unknown}
 p - 2 scrolls of fear {unknown}
 q - 2 scrolls of remove curse {unknown}
Potions
 d - a potion of cancellation {unknown}
 r - 2 potions of heal wounds {unknown}
 t - 2 potions of lignification {unknown}
Books
 b - a book of Conjurations

   Spells                             Type                      Level
   a - Magic Dart                     Conjuration                  1
   b - Searing Ray                    Conjuration                  2
   c - Dazzling Spray                 Conjuration/Hexes            3
   d - Fulminant Prism                Conjuration/Hexes            4
   e - Iskenderun's Mystic Blast      Conjuration                  4
   f - Iskenderun's Battlesphere      Conjuration/Charms           5
Comestibles
 c - 2 bread rations
 h - 2 beef jerkies
 k - a royal jelly
 n - a slice of pizza
 o - a chunk of flesh
 s - a meat ration


   Skills:
 - Level 2.4 Dodging
 - Level 2.4 Stealth
 - Level 4.0 Spellcasting
 + Level 5.9 Conjurations
 * Level 2.5 Hexes


You had 3 spell levels left.
You knew the following spells:

 Your Spells              Type           Power        Failure   Level  Hunger
a - Magic Dart            Conj           ####         1%          1    None
b - Dazzling Spray        Conj/Hex       ###.....     10%         3    ###....
c - Fulminant Prism       Conj/Hex       ###.......   24%         4    ####...


Dungeon Overview and Level Annotations

Branches:
Dungeon (3/15)

Altars:
Sif Muna
Xom


Message History

Aiming: Magic Dart
Press: ? - help, Shift-Dir - straight line, f/p - orc priest
Aim: an orc priest, wielding a short sword and wearing a scale mail (almost dead)
The magic dart hits the orc priest.
The orc priest is almost dead.
The orc priest hits you but does no damage.
Casting: Magic Dart
Confirm with . or Enter, or press ? or * to list all spells.
Aiming: Magic Dart
Press: ? - help, Shift-Dir - straight line, f/p - orc priest
Aim: an orc priest, wielding a short sword and wearing a scale mail (almost dead)
The magic dart hits the orc priest.
The orc priest is almost dead.
The orc priest invokes the aid of Beogh against you.
Something smites you!
Ouch! That really hurt!
* * * LOW HITPOINT WARNING * * *
The orc priest mumbles some strange prayers to Beogh against you.
Something smites you!
You die...

#..##.#
#.#############.#
#..##.# #.# .#
#..##>###^### .#
#.........#..
##.###.#.##.# #.#
#..#.#.#
#.###.###..#
#.......##.#
#####.#.#@.#
#....#.# #.#<##o#
#.#.##o# #.#.##o#
#.........o...
###........... .
####.#####.# #
#.#


You could see an orc priest and 2 orcs.

Vanquished Creatures
  An orc priest (D:3)
  2 adders (D:2)
  An ooze (D:1)
  A worm (D:3)
  A giant gecko (D:3)
  8 orcs (D:3)
  8 bats
  2 giant cockroaches (D:1)
  5 goblins
  5 hobgoblins
  4 quokkas
  3 giant newts
  11 kobolds
  6 rats
58 creatures vanquished.

Vanquished Creatures (others)
  A fulminant prism (D:3)
1 creature vanquished.

Grand Total: 59 creatures vanquished

Notes
Turn   | Place    | Note
--------------------------------------------------------------
     0 | D:1      | Lathuz the Deep Elf Conjurer began the quest for the Orb.
     0 | D:1      | Reached XP level 1. HP: 10/10 MP: 6/6
   124 | D:1      | Reached XP level 2. HP: 15/15 MP: 4/8
   355 | D:1      | Reached skill level 5 in Conjurations
   935 | D:1      | Reached XP level 3. HP: 19/19 MP: 8/10
   955 | D:1      | Learned a level 3 spell: Dazzling Spray
  1309 | D:2      | Found a deep blue altar of Sif Muna.
  1604 | D:2      | Found a shimmering altar of Xom.
  1742 | D:2      | Reached skill level 1 in Hexes
  1912 | D:3      | Reached XP level 4. HP: 24/24 MP: 4/12
  1918 | D:3      | Learned a level 4 spell: Fulminant Prism
  2792 | D:3      | Killed from afar by an orc priest

Vault maps used:
D:1:      mrwooster_arrival_statue, minmay_misc_feat_more_columns
D:2:      xom_teletrap_fun, lemuel_blue_sif_altar
D:3:      nicolae_overflow_hidden_temple, nicolae_dithmenos_shadow_blocks

Action                   |  1- 3 |  4- 6 || total
-------------------------+-------+-------++-------
 Cast: Magic Dart        |    78 |    41 ||   119
       Fulminant Prism   |       |     1 ||     1
  Eat: Chunk             |     3 |     3 ||     6
